 Dungeon Crawl Stone Soup version 0.20.0-8-g6b59dc7 (webtiles) character file.

98328 Inarius the Thaumaturge (level 15, -8/110 HPs)
             Began as a Yellow Draconian Venom Mage on June 1, 2017.
             Was the Champion of Hepliaklqana.
             Killed by an exploding ball lightning (37 damage)
             ... created by the player character
             ... on level 14 of the Dungeon on June 2, 2017.
             The game lasted 03:15:44 (42648 turns).

Inarius the Thaumaturge (DrVM)                     Turns: 42648, Time: 03:15:46

Health: -8/110     AC: 15    Str: 13    XL:     15   Next: 74%
Magic:  26/32      EV: 20    Int: 29    God:    Hepliaklqana [******]
Gold:   1637       SH:  4    Dex: 19    Spells: 3/40 levels left

rFire    + . .     SeeInvis .   V - staff of poison
rCold    + . .     Gourm    .   (no shield)
rNeg     . . .     Faith    .   (armour unavailable)
rPois    +         Spirit   .   (helmet restricted)
rElec    .         Reflect  +   o - scarf of Integrity {+Fly Int+3 Dex+2}
rCorr    +         Harm     .   S - +2 pair of gloves {Dex+3}
MR       +....     Rnd*Tele +   H - +2 pair of boots
Stlth    ++........             w - +4 amulet of reflection
Regen    0.3/turn               D - +4 ring of intelligence
MPRegen  0.3/turn               v - ring "Voevelor" {rF+ Dex+3}

@: studying Fire Magic
A: spit acid, acid resistance, unfitting armour, reduced essence, cold
resistance 1, robust 1, strong 1, teleportitis 1, acidic bite, cold-blooded, AC
+9
a: Breathe Acid, Recall Ancestor, Ancestor Identity, Transference, Idealise,
Renounce Religion, Evoke Flight


You were on level 14 of the Dungeon.
You worshipped Hepliaklqana.
Hepliaklqana was exalted by your worship.
You were not hungry.

You visited 4 branches of the dungeon, and saw 23 of its levels.
You also visited: Labyrinth and Ice Cave.

You collected 2105 gold pieces.
You spent 468 gold pieces at shops.

Inventory:

Hand Weapons
 b - a +7 flail of holy wrath
 O - a +4 long sword of electrocution
Armour
 o - the scarf of Integrity (worn) {+Fly Int+3 Dex+2}
   (You found it on level 4 of the Lair of Beasts)

   It affects your intelligence (+3).
   It affects your dexterity (+2).
   It lets you fly.
 H - a +2 pair of boots (worn)
 J - a +2 cloak of poison resistance
 S - a +2 pair of gloves of dexterity (worn)
Magical Staves
 R - an uncursed staff of power
 V - an uncursed staff of poison (weapon)
Jewellery
 k - an uncursed amulet of magic regeneration
 v - the ring "Voevelor" (right hand) {rF+ Dex+3}
   (You took it off a minotaur in a labyrinth)

   [ring of protection from fire]

   It affects your dexterity (+3).
   It protects you from fire.
 w - a +4 amulet of reflection (around neck)
 z - an uncursed ring of protection from cold
 D - a +4 ring of intelligence (left hand)
 T - an uncursed ring of protection from cold
 X - an uncursed ring of protection from magic
Wands
 a - a wand of paralysis (12/24)
 n - a wand of polymorph (3/24)
 t - a wand of flame (34/48) (quivered)
 y - a wand of random effects (29/48)
 F - a wand of iceblast (12/15)
 L - a wand of confusion (19/48)
Scrolls
 f - 2 scrolls of fear
 g - 3 scrolls of magic mapping
 i - 4 scrolls of enchant armour
 l - 3 scrolls of teleportation
 p - 3 scrolls of fog
 q - 4 scrolls of recharging
 C - a scroll of identify
 E - a scroll of blinking
 I - a scroll of remove curse
 Z - 2 scrolls of brand weapon {unknown}
Potions
 j - 3 potions of flight
 m - a potion of agility {unknown}
 x - 3 potions of haste
 A - 4 potions of curing
 B - a potion of cancellation
 M - a potion of magic {unknown}
 N - 2 potions of berserk rage
Books
 G - the Volume of Mutagenic Evil
   (You found it in a labyrinth)

   Spells                             Type                      Level
   a - Pain                           Necromancy                   1
   b - Corpse Rot                     Necromancy                   2
   c - Control Undead                 Necromancy                   4
   d - Hydra Form                     Transmutation                6
   e - Dragon Form                    Transmutation                7
 P - a book of the Sky

   Spells                             Type                      Level
   a - Summon Lightning Spire         Summoning/Air                4
   b - Silence                        Hexes/Air                    5
   c - Deflect Missiles               Charms/Air                   6
   d - Conjure Ball Lightning         Conjuration/Air              6
   e - Tornado                        Air                          9
 W - a manual of Fire Magic
Miscellaneous
 s - a sack of spiders
 K - a phial of floods
 Q - 2 boxes of beasts
 U - a lightning rod (2/4)
 Y - a fan of gales
Comestibles
 c - 17 royal jellies
 h - 2 bread rations
 r - 3 fruits
 u - 4 meat rations


   Skills:
 + Level 3.9 Fighting
 - Level 1.0 Staves
 * Level 9.5 Dodging
 - Level 1.7 Stealth
 + Level 13.3 Spellcasting
 * Level 10.0 Conjurations
 + Level 0.2 Translocations
 + Level 10.6 Air Magic
 + Level 11.5 Poison Magic
 * Level 9.9 Invocations
 + Level 10.0 Evocations


You had 3 spell levels left.
You knew the following spells:

 Your Spells              Type           Power        Failure   Level  Hunger
a - Alistair's Intoxicat  Tmut/Pois      ######..     7%          5    #......
b - Poisonous Vapours     Pois/Air       ######       1%          2    None
c - Olgreb's Toxic Radia  Pois           #######.     1%          4    None
d - Blink                 Tloc           N/A          3%          2    None
e - Lightning Bolt        Conj/Air       ######....   1%          5    #......
f - Venom Bolt            Conj/Pois      #######...   1%          5    #......
g - Airstrike             Air            ######....   1%          4    None
h - Conjure Ball Lightni  Conj/Air       ######....   6%          6    ####...
i - Force Lance           Conj/Tloc      #####...     3%          4    None


Dungeon Overview and Level Annotations

Branches:
Dungeon (14/15)            Temple (1/1) D:5            Lair (6/6) D:10
  Swamp (0/4) Lair:3        Snake (0/4) Lair:2        Slime (0/5) Lair:5
    Orc (2/2) D:11            Elf (0/3) Orc:2        Vaults (0/5) D:13

Altars:
Ashenzari
Cheibriados
Dithmenos
Elyvilon
Fedhas
Gozag
Hepliaklqana
Kikubaaqudgha
Makhleb
Nemelex Xobeh
Okawaru
Qazlal
Ru
Sif Muna
Trog
Uskayaw
Vehumet
Xom
Yredelemnul
Zin
The Shining One
Beogh

Shops:
D:11 ?[([!   D:13 *   Orc:2 (*(%


Innate Abilities, Weirdness & Mutations

You can spit globs of acid.
You are resistant to acid.
Your golden yellow scales are hard. (AC +9)
You cannot fit into any form of body armour.
You have acidic saliva.
You are cold-blooded and may be slowed by cold attacks.
Your life essence is reduced. (-10% HP)
Your flesh is cold resistant. (rC+)
You are robust. (+10% HP)
Your muscles are strong. (Str +2)
You are occasionally teleported next to monsters.


Message History

The blast of lightning engulfs the centaur.
You kill the centaur!
The blast of lightning engulfs the centaur.
The centaur is almost dead.
The blast of lightning engulfs you!
* * * LOW HITPOINT WARNING * * *
The blast of lightning engulfs the meliai.
You kill the meliai!
The blast of lightning engulfs the centaur.
You kill the centaur!
The blast of lightning engulfs the centaur.
You kill the centaur!
The blast of lightning engulfs the centaur warrior.
The centaur warrior is heavily wounded.
The blast of lightning engulfs the meliai.
You kill the meliai!
Your ball lightning explodes!
The blast of lightning engulfs the centaur warrior.
The centaur warrior is almost dead.
The blast of lightning engulfs you!
You die...

#############
#.....(R....#
#.....c@.c..#
#......)....#
.......))..)#
.......)..c.#
#......)....#
#........C..#
#######+#####


You could see the friendly Onaxys the knight, 2 centaur warriors, a cyclops and
a centaur.

Vanquished Creatures
  An ettin (Orc:1)
  Snorg (Lair:4)
  The ghost of galech the Grappler, a journeyman TrMo of Trog (Orc:2)
  3 catoblepae (Lair:6)
  2 hydras (Lair:5)
  2 centaur warriors
  3 dancing weapons
  3 two-headed ogres
  13 death yaks
  6 orc high priests (Orc:2)
  Urug (Lair:3)
  A slime creature (Lair:5)
  Pikel (D:6)
  7 orc knights (Orc:2)
  2 deep elf magi
  2 wolf spiders (Orc:1)
  2 manticores (Lair:6)
  4 orc sorcerers
  2 cyclopes (D:12)
  A black mamba (Lair:5)
  A torpor snail (Lair:5)
  An ice statue (IceCv)
  3 gargoyles (D:11)
  5 spiny frogs
  5 komodo dragons
  A rime drake (Lair:1)
  An efreet (D:13)
  A freezing wraith (D:13)
  A harpy zombie (D:12)
  5 trolls
  3 meliai (D:14)
  9 polar bears (IceCv)
  13 blink frogs
  Grinder (D:3)
  21 dream sheep
  5 hippogriffs
  Sigmund (D:3)
  A tarantella (Orc:1)
  A redback (Orc:1)
  2 wyverns
  48 yaks
  2 basilisks
  4 humans (D:7)
  3 hungry ghosts (D:12)
  Edmund (D:4)
  3 nagas (Lair:2)
  7 wargs
  4 swamp worms (Lair:3)
  3 acid dragons
  11 water moccasins
  25 orc warriors
  A black bear (D:10)
  3 porcupines
  2 ice beasts
  A phantom (D:13)
  2 sky beasts
  An eye of draining (D:12)
  13 wolves
  11 centaurs
  6 ogres
  16 crocodiles
  A big kobold (D:6)
  14 bullfrogs
  A water moccasin zombie (D:11)
  3 knights
  3 killer bees (D:11)
  7 wights
  An electric eel (Lair:3)
  A howler monkey (D:6)
  5 crimson imps
  2 bullfrog skeletons
  2 centaur skeletons
  A gnoll shaman (Orc:2)
  5 hounds
  A jelly (D:9)
  A quasit (D:6)
  24 orc priests
  22 orc wizards
  Ijyb (D:2)
  Jessica (D:3)
  4 iguanas
  Terence (D:2)
  8 worker ants
  A hound skeleton (D:5)
  6 gnolls
  17 adders
  2 shadow imps
  6 oozes
  A worm (D:2)
  A dart slug (D:5)
  5 leopard geckos
  100 orcs
  5 bats
  2 giant cockroaches
  7 goblins
  A hobgoblin (D:3)
  4 jackals
  3 quokkas
  3 ball pythons
  8 frilled lizards
  28 kobolds
  9 rats
  A fungus (Lair:2)
  2 plants
627 creatures vanquished.

Vanquished Creatures (collateral kills)
  A frost giant (IceCv)
  A minotaur (Lab)
  Erolcha (Orc:1)
  A hydra (Lair:6)
  A catoblepas (Lair:5)
  3 death yaks
  An unseen horror (D:10)
  3 orc knights
  A manticore (D:12)
  A cyclops (D:12)
  An elephant (Lair:1)
  A centaur zombie (D:11)
  A gargoyle (D:11)
  A centaur skeleton (D:13)
  10 spiny frogs
  A rime drake (Lair:1)
  A hornet (D:9)
  2 blink frogs
  2 polar bears (IceCv)
  5 hippogriffs
  6 dream sheep
  A shadow (D:13)
  29 yaks
  2 humans (D:7)
  2 swamp worms (Lair:3)
  An acid dragon (D:11)
  2 nagas (Lair:2)
  A porcupine (Lair:4)
  5 water moccasins
  18 orc warriors
  2 phantoms
  3 necrophages
  4 ogres
  3 centaurs
  6 wolves
  2 crocodiles
  3 big kobolds
  5 bullfrogs
  A scorpion (D:13)
  A killer bee (D:11)
  2 wights (D:7)
  A crimson imp (D:9)
  A bullfrog zombie (D:8)
  2 hounds
  2 jellies
  8 orc priests
  7 orc wizards
  An iguana (D:10)
  A worker ant (D:12)
  A gnoll (Orc:2)
  2 adders
  3 shadow imps
  2 oozes (D:9)
  11 orcs
  2 jackals (D:9)
  A quokka (D:10)
  A kobold (D:12)
  A fungus (Lair:2)
  A plant (D:10)
186 creatures vanquished.

Vanquished Creatures (others)
  The ghost of Monsterracer the Basher, a novice GrMo of Ru (D:9)
  An orc knight (Orc:2)
  A rime drake (IceCv)
  13 ball lightnings
  6 polar bears (IceCv)
  A hippogriff (D:10)
  A yak (IceCv)
  3 wolves (IceCv)
  A jelly (D:9)
  A worker ant (D:10)
  14 knights
  2 ancestors (D:6)
  3 jackals (D:6)
  13 fungi
  34 plants
95 creatures vanquished.

Grand Total: 908 creatures vanquished

Notes
Turn   | Place    | Note
-------+----------+-------------------------------------------
     0 | D:1      | Inarius the Draconian Venom Mage began the quest for the Orb.
     0 | D:1      | Reached XP level 1. HP: 14/14 MP: 3/3
   347 | D:1      | Reached XP level 2. HP: 20/20 MP: 3/5
   351 | D:1      | Learned a level 2 spell: Poisonous Vapours
  1289 | D:2      | Reached XP level 3. HP: 26/26 MP: 0/6
  1458 | D:2      | Noticed Terence
  1464 | D:2      | Killed Terence
  1657 | D:2      | Reached XP level 4. HP: 34/34 MP: 2/7
  2161 | D:2      | Learned a level 4 spell: Olgreb's Toxic Radiance
  2375 | D:2      | Reached XP level 5. HP: 35/39 MP: 2/9
  2600 | D:3      | Noticed Sigmund
  2823 | D:3      | Found a faded altar of an unknown god.
  2937 | D:3      | Noticed Grinder
  2997 | D:3      | Paralysed by Grinder for 5 turns
  3007 | D:3      | Paralysed by Grinder for 3 turns
  3027 | D:3      | Killed Grinder
  3027 | D:3      | Reached skill level 3 in Spellcasting
  3027 | D:3      | Reached skill level 1 in Air Magic
  3027 | D:3      | Reached XP level 6. HP: 39/46 MP: 9/11
  3071 | D:3      | Learned a level 1 spell: Magic Dart
  3111 | D:3      | Found a sparkling altar of Nemelex Xobeh.
  3164 | D:3      | Noticed Jessica
  3167 | D:3      | Killed Jessica
  3387 | D:3      | Noticed Ijyb
  3390 | D:3      | Killed Sigmund
  3390 | D:3      | Your scales start taking on a golden yellow colour.
  3390 | D:3      | Reached XP level 7. HP: 51/51 MP: 0/12
  3453 | D:2      | Killed Ijyb
  3453 | D:2      | Reached skill level 5 in Poison Magic
  3774 | D:4      | Reached skill level 4 in Spellcasting
  3856 | D:4      | Noticed Edmund
  3864 | D:4      | Killed Edmund
  3864 | D:4      | Reached skill level 1 in Evocations
  4022 | D:4      | Found a bloodstained altar of Trog.
  4172 | D:4      | Reached skill level 1 in Fighting
  4901 | D:4      | Reached XP level 8. HP: 58/59 MP: 9/14
  4938 | D:5      | Entered Level 5 of the Dungeon
  5107 | D:5      | Found a staircase to the Ecumenical Temple.
  5116 | Temple   | Entered the Ecumenical Temple
  5204 | Temple   | Became a worshipper of Hepliaklqana the Forgotten
  5344 | D:5      | Found a transporter.
  5391 | D:5      | Found a transporter.
  5789 | D:5      | Reached * piety under Hepliaklqana
  6282 | D:6      | Reached skill level 5 in Spellcasting
  6416 | D:6      | Found an iron altar of Okawaru.
  6639 | D:6      | Noticed Pikel
  6654 | D:6      | Killed Pikel
  6654 | D:6      | Reached skill level 5 in Dodging
  6654 | D:6      | Reached XP level 9. HP: 47/60 MP: 9/17
  7251 | D:6      | Reached ** piety under Hepliaklqana
  7252 | D:6      | Remembered your ancestor Onaxys as a knight
  7585 | D:7      | Reached skill level 5 in Conjurations
  7595 | D:7      | Reached skill level 6 in Spellcasting
  8074 | D:7      | Found a basalt altar of Yredelemnul.
  8281 | D:7      | Reached skill level 1 in Invocations
  8520 | D:7      | Found a glowing silver altar of Zin.
  8929 | D:8      | Reached XP level 10. HP: 15/66 MP: 13/19
  9326 | D:8      | Reached *** piety under Hepliaklqana
 10012 | D:8      | Identified a scroll of acquirement
 10012 | D:8      | Identified the Handbook of Attacks (You acquired it on level 8 of the Dungeon)
 10022 | D:8      | Learned a level 5 spell: Lightning Bolt
 10028 | D:8      | Learned a level 5 spell: Venom Bolt
 10516 | D:9      | Learned a level 5 spell: Alistair's Intoxication
 10537 | D:9      | Paralysed by a hornet for 3 turns
 10537 | D:9      | Reached skill level 5 in Air Magic
 11112 | D:9      | Noticed a two-headed ogre
 11124 | D:9      | Killed a two-headed ogre
 11124 | D:9      | Reached skill level 5 in Evocations
 11142 | D:9      | Noticed Monsterracer's ghost (novice GrMo)
 11405 | D:9      | Banished Monsterracer's ghost
 11435 | D:9      | Reached skill level 7 in Spellcasting
 11640 | D:10     | Entered Level 10 of the Dungeon
 11879 | D:10     | Killed an unseen horror
 11879 | D:10     | Reached XP level 11. HP: 35/72 MP: 5/21
 12122 | D:10     | Reached **** piety under Hepliaklqana
 12705 | D:10     | Found a staircase to the Lair.
 13638 | D:11     | Found Isoudann's Armour Shop.
 13707 | D:11     | Found a radiant altar of Vehumet.
 13723 | D:11     | Found Kuejeqee's Magic Scroll Shoppe.
 13726 | D:11     | Bought a scroll of identify for 24 gold pieces
 14352 | D:11     | Found a staircase to the Orcish Mines.
 14590 | D:11     | Found a roughly hewn altar of Beogh.
 15693 | D:11     | Reached skill level 5 in Invocations
 15882 | D:11     | Found Hanin's Armour Shoppe.
 15888 | D:11     | Bought a +1 cloak of poison resistance for 175 gold pieces
 15896 | D:11     | Bought a +0 pair of gloves of dexterity for 149 gold pieces
 15948 | D:11     | Found Napuang's Distillery.
 15956 | D:11     | Bought a potion of mutation for 120 gold pieces
 16108 | D:11     | Found Ysaqoaku's Antique Weapon Boutique.
 16474 | Lair:1   | Entered Level 1 of the Lair of Beasts
 16712 | Lair:1   | Reached skill level 8 in Spellcasting
 18364 | Lair:2   | Reached XP level 12. HP: 80/80 MP: 17/24
 18402 | Lair:2   | Found a staircase to the Snake Pit.
 18680 | Lair:1   | HP: 4/80 [spiny frog (18)]
 19775 | Lair:3   | Found a frozen archway.
 19776 | Lair:3   | Noticed Urug
 19788 | Lair:3   | Killed Urug
 19837 | IceCv    | Entered an ice cave
 20000 | IceCv    | Reached skill level 9 in Spellcasting
 21154 | IceCv    | Noticed a death yak
 21165 | IceCv    | Killed a death yak
 21571 | IceCv    | Noticed a frost giant
 21860 | IceCv    | Killed a frost giant
 22320 | Lair:3   | Reached XP level 13. HP: 84/84 MP: 26/26
 22537 | Lair:3   | Found a staircase to the Swamp.
 22685 | Lair:3   | Reached skill level 10 in Spellcasting
 24556 | Lair:4   | Reached ***** piety under Hepliaklqana
 24581 | Lair:4   | Got a distressingly furry scarf
 24592 | Lair:4   | Identified the cursed scarf of Integrity {+Fly Int+3 Dex+2} (You found it on level 4 of the Lair of Beasts)
 24606 | Lair:4   | Noticed Snorg
 24616 | Lair:4   | Killed Snorg
 24811 | Lair:4   | Gained mutation: You are dopey. (Int -2) [mutagenic glow]
 25930 | Lair:5   | Reached skill level 10 in Poison Magic
 26104 | Lair:5   | Found a staircase to the Slime Pits.
 27153 | Lair:6   | Entered Level 6 of the Lair of Beasts
 27239 | Lair:5   | Reached skill level 11 in Spellcasting
 28313 | Lair:5   | Gained mutation: You have acidic saliva. [Yellow Draconian growth]
 28313 | Lair:5   | Reached XP level 14. HP: 28/91 MP: 11/29
 28737 | Lair:6   | Learned a level 4 spell: Airstrike
 28746 | Lair:6   | Learned a level 6 spell: Conjure Ball Lightning
 31324 | Lair:6   | Reached skill level 12 in Spellcasting
 32916 | Lair:6   | Reached skill level 1 in Staves
 33285 | Lair:6   | Identified Ahelam's Guide on Displacement and Toxins
 33293 | Lair:6   | Learned a level 4 spell: Force Lance
 33297 | Lair:6   | Learned a level 2 spell: Blink
 34813 | D:12     | Reached skill level 10 in Air Magic
 35440 | D:12     | Reached XP level 15. HP: 94/97 MP: 24/31
 35670 | Orc:1    | Entered Level 1 of the Orcish Mines
 35766 | Orc:1    | Noticed Erolcha
 35771 | Orc:1    | Killed Erolcha
 35972 | Orc:1    | Found a bloodstained altar of Trog.
 36037 | Orc:2    | Entered Level 2 of the Orcish Mines
 36356 | Orc:2    | Found a staircase to the Elven Halls.
 36511 | Orc:2    | Found a labyrinth entrance.
 36520 | Lab      | Entered a labyrinth
 36750 | Lab      | Got a wavering silver ring
 36752 | Lab      | Identified the ring "Voevelor" {rF+ Dex+3} (You took it off a minotaur in a labyrinth)
 36754 | Lab      | Identified the Volume of Mutagenic Evil
 36833 | Orc:2    | Noticed galech's ghost (journeyman TrMo)
 36881 | Orc:2    | Killed galech's ghost
 39085 | Orc:2    | Reached skill level 13 in Spellcasting
 39792 | Orc:2    | Found Saebbur's Weapon Shop.
 39792 | Orc:2    | Found Puucef's General Store.
 39793 | Orc:2    | Found Fyggamep's Antique Weapon Boutique.
 39793 | Orc:2    | Found Diohoqud's Food Shop.
 40802 | Orc:1    | Found a roughly hewn altar of Beogh.
 41664 | D:13     | Found Girraf's Elemental Accessories.
 41978 | D:13     | Reached ****** piety under Hepliaklqana
 41998 | D:13     | Found a gate to the Vaults.
 42013 | D:13     | Reached skill level 10 in Conjurations
 42013 | D:13     | Reached skill level 10 in Evocations
 42279 | D:13     | Gained mutation: Your flesh is cold resistant. (rC+) [mutagenic meat]
 42280 | D:13     | Gained mutation: Your natural rate of healing is unusually fast. [mutagenic meat]
 42281 | D:13     | Gained mutation: You are frail. (-10% HP) [mutagenic meat]
 42282 | D:13     | Lost mutation: You are frail. (-10% HP) [potion of mutation]
 42282 | D:13     | Lost mutation: You are dopey. (Int -2) [potion of mutation]
 42282 | D:13     | Lost mutation: Your natural rate of healing is unusually fast. [potion of mutation]
 42282 | D:13     | Gained mutation: Your magical capacity is low. (-10% MP) [potion of mutation]
 42282 | D:13     | Gained mutation: You are occasionally teleported next to monsters. [potion of mutation]
 42282 | D:13     | Gained mutation: You have sharp toenails. [potion of mutation]
 42283 | D:13     | Gained mutation: Your large and strong wings let you fly indefinitely. [mutagenic meat]
 42519 | D:13     | Lost mutation: Your magical capacity is low. (-10% MP) [potion of mutation]
 42519 | D:13     | Lost mutation: You have sharp toenails. [potion of mutation]
 42519 | D:13     | Lost mutation: Your large and strong wings let you fly indefinitely. [potion of mutation]
 42519 | D:13     | Gained mutation: Your muscles are strong. (Str +2) [potion of mutation]
 42519 | D:13     | Gained mutation: You are robust. (+10% HP) [potion of mutation]
 42648 | D:14     | Killed by an exploding ball lightning

Skill      XL: |  1  2  3  4  5  6  7  8  9 10 11 12 13 14 15 |
---------------+----------------------------------------------+-----
Dodging        | 2 3 5 6 7 8 9 |  9.5
Conjurations   | 2 3 4 5 6 7 8 9 10 | 10.0
Poison Magic   | 4 5 6 7 8 9 10 11 | 11.5
Spellcasting   | 3 4 5 6 7 8 9 11 12 13 | 13.3
Air Magic      | 1 3 4 5 7 8 9 10 | 10.6
Evocations     | 1 3 4 5 6 7 8 9 10 | 10.0
Fighting       | 1 2 3 |  3.9
Invocations    | 1 3 5 6 7 9 |  9.9
Staves         | 1 |  1.0
Stealth        | |  1.7
Translocations | |  0.2

Action                   |  1- 3 |  4- 6 |  7- 9 | 10-12 | 13-15 || total
-------------------------+-------+-------+-------+-------+-------++-------
Melee: Short sword       |    20 |    21 |       |   273 |    19 ||   333
       Tailslap          |     3 |     3 |    10 |    30 |    14 ||    60
       Unarmed           |       |     8 |     7 |       |       ||    15
       Rapier            |       |     7 |    59 |       |       ||    66
       Dagger            |       |     2 |       |       |       ||     2
       Flail             |       |       |    72 |       |    11 ||    83
       Staff             |       |       |       |       |    98 ||    98
       Bite              |       |       |       |       |    12 ||    12
 Cast: Sting             |    23 |    15 |    25 |       |       ||    63
       Poisonous Vapours |     7 |    34 |    68 |   196 |   283 ||   588
       Magic Dart        |       |     2 |    12 |    34 |     5 ||    53
       Olgreb's Toxic Ra |       |       |    21 |    66 |   177 ||   264
       Lightning Bolt    |       |       |       |    37 |    55 ||    92
       Venom Bolt        |       |       |       |    14 |   174 ||   188
       Alistair's Intoxi |       |       |       |       |     3 ||     3
       Airstrike         |       |       |       |       |    67 ||    67
       Conjure Ball Ligh |       |       |       |       |     6 ||     6
       Force Lance       |       |       |       |       |     6 ||     6
Invok: Ancestor Identity |       |       |     1 |       |     1 ||     2
       Recall Ancestor   |       |       |     2 |     1 |     5 ||     8
       Ancestor Life: Kn |       |       |     1 |       |       ||     1
       Transference      |       |       |       |       |     3 ||     3
 Abil: Breathe Acid      |       |       |       |     3 |     6 ||     9
Evoke: Wand              |       |       |       |    16 |       ||    16
       Lightning rod     |       |       |       |       |     6 ||     6
  Use: Scroll            |     2 |     2 |     9 |    20 |    11 ||    44
       Potion            |       |       |       |     3 |     8 ||    11
 Stab: Sleeping          |       |     1 |     3 |       |       ||     4
       Distracted        |       |       |       |       |     3 ||     3
  Eat: Chunk             |     3 |     7 |    15 |    26 |    73 ||   124
       Fruit             |       |       |     1 |     7 |     6 ||    14
       Meat ration       |       |       |     1 |     3 |     1 ||     5
       Bread ration      |       |       |     1 |     2 |     3 ||     6
       Royal jelly       |       |       |       |     3 |     2 ||     5
Armor: Skin              |     6 |     9 |    51 |   113 |    88 ||   267
Dodge: Dodged            |    17 |    28 |    92 |   261 |   314 ||   712
Block: Other             |       |       |    14 |    56 |    77 ||   147
       Reflection        |       |       |     1 |     4 |     6 ||    11
